 Dungeon Crawl Stone Soup version 0.25-a0-458-g6fc7858b95 (webtiles) character file.

Game seed: 2499351537337902070, levelgen mode: deterministic

37593 Lugonue the Impaler (level 13, -3/112 HPs)
             Began as a White Draconian Conjurer on Feb 3, 2020.
             Was a High Priest of Vehumet.
             Splashed by an oklob plant's acid (7 damage)
             ... on level 5 of the Lair of Beasts.
             The game lasted 01:27:37 (22876 turns).

Lugonue the Impaler (White Draconian Conjurer)     Turns: 22876, Time: 01:27:38

Health: -3/112     AC: -7    Str: 12    XL:     13   Next: 59%
Magic:  25/25      EV: 17    Int: 22    God:    Vehumet [*****.]
Gold:   582        SH:  0    Dex: 15    Spells: 3/29 levels left

rFire    . . .     SeeInvis .   u - +5 glaive (elec)
rCold    + . .     Gourm    .   (shield currently unavailable)
rNeg     . . .     Faith    .   (armour unavailable)
rPois    +         Spirit   .   y - +2 hat
rElec    .         Reflect  .   (no cloak)
rCorr    .         Harm     .   (no gloves)
MR       .....                  c - +2 pair of boots
Stlth    +.........             D - amulet of magic regeneration
HPRegen  0.28/turn              z - ring of poison resistance
MPRegen  0.44/turn              s - ring of Qiorch {Wiz +Inv Dex+4 Stlth-}

@: corroded
A: breathe frost, unfitting armour, clever 1, cold resistance 1, evolution 1,
cold-blooded, AC +8
a: Breathe Frost, Renounce Religion, Evoke Invisibility


You were on level 5 of the Lair of Beasts.
You worshipped Vehumet.
Vehumet was extremely pleased with you.
You were not hungry.

You visited 3 branches of the dungeon, and saw 19 of its levels.
You also visited: Volcano.

You collected 1444 gold pieces.
You spent 862 gold pieces at shops.

Inventory:

Hand Weapons
 k - a +7 vorpal scythe
 t - a +2 glaive of flaming
 u - a +5 glaive of electrocution (weapon)
Missiles
 l - 5 curare-tipped darts (quivered)
Armour
 c - a +2 pair of boots (worn)
 q - a +0 shield
 y - a +2 hat (worn)
Jewellery
 j - an uncursed ring of resist corrosion
 s - the ring of Qiorch (right hand) {Wiz +Inv Dex+4 Stlth-}
   (You acquired it on level 10 of the Dungeon)

   [ring of wizardry]

   It improves your spell success rate.
   It affects your dexterity (+4).
   It lets you turn invisible.
   It makes you less stealthy.
 x - an uncursed ring of protection from magic
 z - a ring of poison resistance (left hand)
 D - an amulet of magic regeneration (around neck)
 E - an uncursed ring of protection from fire
Wands
 e - a wand of iceblast (22)
 g - a wand of enslavement (1)
 v - a wand of random effects (4)
 A - a wand of flame (16)
 I - a wand of paralysis (3)
 L - a wand of scattershot (5)
Scrolls
 d - 2 scrolls of amnesia
 f - 3 scrolls of identify
 h - 7 scrolls of enchant armour
 m - 10 scrolls of remove curse
 n - a scroll of fog
 r - 2 scrolls of teleportation
 F - a scroll of immolation
 J - 2 scrolls of magic mapping
Potions
 a - a potion of invisibility
 i - 4 potions of brilliance
 o - 2 potions of resistance {unknown}
 p - 3 potions of flight
 w - 2 potions of might
 C - a potion of agility
 K - a potion of curing
 M - a potion of berserk rage
Miscellaneous
 G - a phial of floods
Comestibles
 b - 17 rations


   Skills:
 + Level 9.6 Fighting
   Level 2.0 Maces & Flails
 + Level 15.9 Polearms
 * Level 7.8 Dodging
 - Level 1.7 Stealth
 - Level 1.0 Unarmed Combat
 + Level 8.6 Spellcasting
 + Level 7.1 Conjurations
 * Level 4.2 Ice Magic
 * Level 1.4 Evocations


You had 3 spell levels left.
You knew the following spells:

 Your Spells              Type           Power        Failure   Level  Hunger
a - Freezing Cloud        Conj/Ice/Air   ####......   22%         6    ######.
b - Dazzling Flash        Conj/Hex       ####..       1%          3    None
c - Searing Ray           Conj           #####.       1%          2    None
d - Blink                 Tloc           N/A          4%          2    None
e - Mephitic Cloud        Conj/Pois/Air  ###.....     1%          3    None
f - Olgreb's Toxic Radia  Pois           #.......     8%          4    ##.....
g - Iskenderun's Battles  Conj/Chrm      ####....     5%          5    #####..
h - Magic Dart            Conj           ####         1%          1    None

Your spell library contained the following spells:

 Spells                   Type           Power        Failure   Level  Hunger
 Conjure Flame            Conj/Fire      ####....     1%          3    None
 Summon Small Mammal      Summ           #...         2%          1    None
 Call Imp                 Summ           #.......     4%          2    None
 Slow                     Hex            #.......     4%          2    None
 Call Canine Familiar     Summ           #.......     9%          3    None
 Summon Guardian Golem    Hex/Summ       #.......     9%          3    None
 Fulminant Prism          Conj/Hex       ####......   1%          4    ##.....
 Iskenderun's Mystic Bla  Conj/Tloc      ####....     1%          4    ##.....
 Summon Ice Beast         Ice/Summ       ###.....     12%         4    ##.....
 Summon Lightning Spire   Summ/Air       #.......     26%         4    ##.....


Dungeon Overview and Level Annotations

Branches:
Dungeon (12/15)            Temple (0/1) D:7            Lair (5/6) D:11
  Swamp (0/4) Lair:4       Spider (0/4) Lair:4          Orc (2/2) D:11
    Elf (0/3) Orc:2       Volcano (visited)
  Slime: Lair:5-6

Altars:
Ashenzari
Gozag
Makhleb
Uskayaw
Vehumet
Xom
Yredelemnul
Zin

Shops:
D:6 *   D:8 :   D:9 *

Annotations:
D:7 3 runed translucent doors, Esekla's ghost, novice SpWz
Lair:1 exclusion: oklob plant
Lair:5 exclusion: 4 oklob plants
Orc:2 Azrael


Innate Abilities, Weirdness & Mutations

You can breathe waves of freezing cold.
You can buffet flying creatures when you breathe cold.
Your icy white scales are hard. (AC +8)
You cannot fit into any form of body armour.
Your flesh is cold resistant. (rC+)
You are cold-blooded and may be slowed by cold attacks.
Your mind is acute. (Int +2)
You evolve.


Message History

The splash of acid hits you! The acid corrodes you!
You are splashed with acid!
The oklob plant spits acid at you. The splash of acid hits you!
The acid corrodes you!
You are splashed with acid.
Marking area around an oklob plant as unsafe for travelling.
Found a potion of ambrosia and a ration.
An oklob plant comes into view.
The oklob plant spits acid at you. The splash of acid hits you.
You are splashed with acid!
The oklob plant spits acid at you. The splash of acid hits you!
* * * LOW HITPOINT WARNING * * *
The acid corrodes you!
You are splashed with acid!
* * * LOW HITPOINT WARNING * * *
As you read the scroll of fog, it crumbles to dust.
The scroll dissolves into smoke.
The oklob plant spits acid at you. The splash of acid hits you!
* * * LOW HITPOINT WARNING * * *
The acid corrodes you!
You are splashed with acid!
You die...

#.#.#...#####.#..##...
.........................
........###...........%..
.P.....## ##...#.........
##.....####..P.........!.
###....##....P##.....P...
.......##.....#.§.§..P^P.
.#......##....##§§...PP..
..#....#..<....§@§...PP
#.......#.....#§§§§...P...
##...........##...§.......
.##.......≈...##..........
..#......≈≈≈≈.#......)....
........≈≈≈≈≈≈............
........≈≈≈≈≈≈............
.......<.≈≈≈≈≈............
........≈≈≈≈≈≈.....P#


You could see 4 oklob plants.

Vanquished Creatures
  7 hydras
  4 two-headed ogres
  A hell hog (Volcano)
  3 death yaks (D:11)
  Sonja (Lair:4)
  A fire crab (Volcano)
  Pikel (D:7)
  An ugly thing (D:11)
  A cyclops (D:11)
  3 manticores
  A black mamba (Lair:2)
  A gargoyle (D:12)
  2 torpor snails
  4 centaur skeletons
  3 spiny frogs
  A rime drake (Lair:2)
  2 komodo dragons
  2 trolls
  A polar bear (Lair:3)
  A queen bee (D:8)
  10 blink frogs
  A tyrant leech (Lair:4)
  3 dream sheep (Lair:5)
  5 hippogriffs
  Sigmund (D:6)
  A shadow (D:11)
  3 redbacks (Lair:4)
  3 wyverns
  3 basilisks
  4 fire bats (Volcano)
  28 yaks
  Eustachio (D:6)
  A fire elemental (Orc:1)
  2 hungry ghosts
  2 steam dragons (Volcano)
  2 wargs (Orc:1)
  3 swamp worms (Lair:4)
  A soldier ant (D:12)
  2 hell hounds (Volcano)
  7 porcupines
  11 water moccasins
  3 sky beasts
  A slave (D:6)
  6 orc warriors
  4 ice beasts
  A black bear (Lair:3)
  A necrophage (D:10)
  2 ogres
  A phantom (D:9)
  15 wolves
  8 centaurs
  9 crocodiles
  8 bullfrogs
  A wyvern zombie (D:12)
  Blork the orc (D:6)
  A big kobold (D:11)
  2 gnoll sergeants
  6 scorpions
  23 killer bees
  3 wights (D:11)
  2 howler monkeys
  7 crimson imps
  5 hounds
  5 orc priests
  3 quasits
  A gnoll shaman (D:7)
  A bullfrog skeleton (D:6)
  2 bullfrog zombies
  5 jellies
  12 orc wizards
  2 iguanas
  Ijyb (D:3)
  4 hell rats (D:11)
  4 worker ants
  2 hound skeletons
  14 adders
  14 gnolls
  A howler monkey skeleton (D:9)
  A hound simulacrum (D:11)
  4 shadow imps
  2 oozes
  2 worms
  A dart slug (D:3)
  3 leopard geckos
  42 orcs
  A ball python (D:2)
  3 bats
  4 giant cockroaches
  3 goblins
  4 hobgoblins
  7 jackals
  5 quokkas
  5 frilled lizards
  A jackal skeleton (D:4)
  14 kobolds
  A leopard gecko skeleton (D:7)
  3 leopard gecko zombies
  A rat (D:3)
  A plant (Lair:4)
424 creatures vanquished.

Vanquished Creatures (others)
  A spiny frog (Lair:4)
  A water moccasin (Lair:1)
  A slave (D:7)
  A centaur (D:11)
  A bullfrog (D:7)
  A worker ant (D:7)
  An adder (D:7)
  A leopard gecko zombie (D:7)
  7 fungi
  4 plants (Lair:1)
19 creatures vanquished.

Grand Total: 443 creatures vanquished

Notes
Turn   | Place    | Note
-------+----------+-------------------------------------------
     0 | D:1      | Lugonue the Draconian Conjurer began the quest for the Orb.
     0 | D:1      | Reached XP level 1. HP: 14/14 MP: 3/3
    84 | D:1      | Reached skill level 1 in Unarmed Combat
   334 | D:1      | Reached skill level 1 in Maces & Flails
   334 | D:1      | Reached XP level 2. HP: 3/20 MP: 0/5
  1044 | D:2      | Reached skill level 1 in Polearms
  1044 | D:2      | Reached XP level 3. HP: 26/26 MP: 2/6
  1153 | D:2      | Reached skill level 2 in Polearms
  1492 | D:2      | Found a shimmering altar of Xom.
  1492 | D:2      | Noticed an angel
  1494 | D:2      | Found a glowing silver altar of Zin.
  1599 | D:2      | Learned a level 3 spell: Dazzling Flash
  1887 | D:2      | Reached XP level 4. HP: 22/33 MP: 2/7
  1921 | D:2      | Noticed a centaur
  1922 | D:2      | Found a radiant altar of Vehumet.
  1938 | D:2      | Learned a level 2 spell: Searing Ray
  1949 | D:2      | Killed a centaur
  1949 | D:2      | Reached skill level 4 in Polearms
  1949 | D:2      | Reached XP level 5. HP: 20/38 MP: 2/8
  2202 | D:2      | Became a worshipper of Vehumet
  2253 | D:3      | Noticed Ijyb
  2442 | D:3      | Killed Ijyb
  2974 | D:3      | Found a faded altar of an unknown god.
  3555 | D:4      | Reached skill level 5 in Polearms
  3573 | D:4      | Reached * piety under Vehumet
  3573 | D:4      | Offered knowledge of Sandblast by Vehumet.
  3573 | D:4      | Reached XP level 6. HP: 28/45 MP: 1/9
  3627 | D:4      | Reached skill level 6 in Polearms
  4034 | D:5      | Entered Level 5 of the Dungeon
  4110 | D:5      | Your scales start taking on an icy white colour.
  4110 | D:5      | Reached XP level 7. HP: 19/50 MP: 6/10
  4110 | D:5      | Gained mutation: Your flesh is cold resistant. (rC+) [White
                  | Draconian growth]
  4399 | D:5      | Reached skill level 7 in Polearms
  4699 | D:5      | Found a shattered altar of Ashenzari.
  4866 | D:5      | Reached skill level 8 in Polearms
  4900 | D:6      | Noticed Blork the orc
  4964 | D:6      | Noticed Eustachio
  5031 | D:6      | Killed Blork the orc
  5044 | D:6      | Reached XP level 8. HP: 57/57 MP: 5/11
  5076 | D:5      | Reached skill level 9 in Polearms
  5380 | D:6      | Found Faoneigi's Assorted Antiques.
  5477 | D:6      | Reached skill level 10 in Polearms
  5527 | D:6      | Killed Eustachio
  5536 | D:6      | Bought an iron ring for 135 gold pieces
  5574 | D:6      | Noticed Sigmund
  6376 | D:6      | Killed Sigmund
  6376 | D:6      | Reached skill level 11 in Polearms
  6464 | D:7      | Noticed Pikel
  6485 | D:6      | Reached XP level 9. HP: 52/62 MP: 12/12
  6576 | D:7      | Killed Pikel
  6576 | D:7      | Reached skill level 12 in Polearms
  6604 | D:7      | Reached skill level 1 in Fighting
  6611 | D:7      | Reached ** piety under Vehumet
  6644 | D:7      | Offered knowledge of Shock by Vehumet.
  6719 | D:7      | Found a runed translucent gate.
  6719 | D:7      | Found a runed translucent gate.
  6719 | D:7      | Found a runed translucent gate.
  6719 | D:7      | Noticed Esekla's ghost (novice SpWz)
  6756 | D:7      | Found a staircase to the Ecumenical Temple.
  6950 | D:7      | Noticed a +0 dagger
  6951 | D:7      | Noticed a +0 dagger
  6954 | D:7      | Found a hide-covered altar of Uskayaw.
  7172 | D:8      | Found Puimeal's Book Shop.
  7709 | D:8      | Bought a book of Minor Magic for 200 gold pieces
  7712 | D:8      | Learned a level 2 spell: Blink
  7716 | D:8      | Learned a level 3 spell: Mephitic Cloud
  7811 | D:8      | Found an opulent altar of Gozag.
  7842 | D:8      | Noticed a troll
  7932 | D:8      | Killed a troll
  7941 | D:8      | Offered knowledge of Ignite Poison by Vehumet.
  8092 | D:8      | Noticed a queen bee
  8095 | D:8      | Reached XP level 10. HP: 45/80 MP: 11/15
  8108 | D:8      | Reached skill level 5 in Conjurations
  8563 | D:8      | Reached skill level 5 in Fighting
  8766 | D:9      | Noticed a manticore
  8774 | D:9      | Killed a manticore
  8908 | D:9      | Found a basalt altar of Yredelemnul.
  8973 | D:9      | Reached *** piety under Vehumet
  9052 | D:9      | Found Cavuceag's Assorted Antiques.
  9055 | D:9      | Bought a potion of heal wounds for 155 gold pieces
  9501 | D:10     | Entered Level 10 of the Dungeon
  9704 | D:10     | Offered knowledge of Hailstorm by Vehumet.
  9719 | D:10     | Learned a level 4 spell: Hailstorm
  9779 | D:10     | Noticed a two-headed ogre
  9796 | D:10     | Killed a two-headed ogre
  9796 | D:10     | Reached skill level 13 in Polearms
 10043 | D:10     | Noticed a two-headed ogre
 10077 | D:10     | Killed a two-headed ogre
 10384 | D:10     | Identified a scroll of acquirement
 10384 | D:10     | Identified the ring of Qiorch {Wiz +Inv Dex+4 Stlth-} (You
                  | acquired it on level 10 of the Dungeon)
 10384 | D:10     | Identified the Volume of Sinister Secrets (You acquired it
                  | on level 10 of the Dungeon)
 10593 | D:11     | Noticed a cyclops
 11039 | D:11     | Noticed a death yak
 11056 | D:11     | Reached skill level 5 in Spellcasting
 11066 | D:11     | Noticed a death yak
 11072 | D:11     | Reached **** piety under Vehumet
 11073 | D:11     | Reached XP level 11. HP: 24/91 MP: 16/18
 11105 | D:11     | Noticed a death yak
 11141 | D:11     | Offered knowledge of Stone Arrow by Vehumet.
 11536 | D:11     | Killed a death yak
 11557 | D:11     | Killed a death yak
 11572 | D:11     | Found a staircase to the Orcish Mines.
 11585 | D:11     | HP: 4/92 [yak (11)]
 11687 | D:11     | Reached skill level 14 in Polearms
 11949 | D:11     | Found a staircase to the Lair.
 12043 | D:11     | Noticed a two-headed ogre
 12076 | D:11     | Killed a two-headed ogre
 12079 | D:11     | Noticed a two-headed ogre
 12090 | D:11     | Killed a two-headed ogre
 12381 | D:11     | Noticed a red ugly thing
 12806 | D:11     | Killed a red ugly thing
 13272 | D:11     | Killed a death yak
 13954 | D:11     | Found a burning altar of Makhleb.
 14006 | D:12     | Reached skill level 5 in Dodging
 14039 | D:12     | Reached ***** piety under Vehumet
 14039 | D:12     | Reached XP level 12. HP: 90/101 MP: 21/21
 14046 | D:12     | Offered knowledge of Olgreb's Toxic Radiance by Vehumet.
 14057 | D:12     | Learned a level 4 spell: Olgreb's Toxic Radiance
 14623 | D:9      | Bought a runed hat for 217 gold pieces
 14628 | D:9      | Bought a glowing ruby amulet for 155 gold pieces
 14699 | Orc:1    | Entered Level 1 of the Orcish Mines
 14875 | Orc:2    | Entered Level 2 of the Orcish Mines
 14875 | Orc:2    | Found a staircase to the Elven Halls.
 14875 | Orc:2    | Noticed Azrael
 15321 | D:11     | Gained mutation: You are agile. (Dex +2) [potion of
                  | mutation]
 15321 | D:11     | Gained mutation: You tend to lose your temper in combat.
                  | [potion of mutation]
 15321 | D:11     | Gained mutation: You evolve. [potion of mutation]
 15322 | D:11     | Lost mutation: You tend to lose your temper in combat.
                  | [potion of mutation]
 15322 | D:11     | Lost mutation: You are agile. (Dex +2) [potion of mutation]
 15322 | D:11     | Gained mutation: Your mind is acute. (Int +2) [potion of
                  | mutation]
 15324 | Lair:1   | Entered Level 1 of the Lair of Beasts
 15442 | Lair:1   | Noticed an eight-headed hydra
 15474 | Lair:1   | Killed a nine-headed hydra
 15674 | Lair:1   | Reached skill level 15 in Polearms
 15738 | Lair:1   | Noticed a seven-headed hydra
 15752 | Lair:1   | Killed a seven-headed hydra
 17766 | Lair:2   | Offered knowledge of Freezing Cloud by Vehumet.
 17895 | Lair:2   | Got a twisted spear
 17896 | Lair:2   | Identified the +1 spear "Ilulih" {elec, rElec} (You found
                  | it on level 2 of the Lair of Beasts)
 18511 | Lair:3   | Learned a level 6 spell: Freezing Cloud
 18709 | Lair:3   | Reached skill level 1 in Ice Magic
 19436 | Lair:4   | Reached XP level 13. HP: 87/111 MP: 24/24
 19493 | Lair:4   | Noticed Sonja
 20347 | Lair:4   | HP: 5/111 [eight-headed hydra (8)]
 20869 | Lair:4   | Reached skill level 1 in Evocations
 21281 | Lair:4   | Killed Sonja
 21287 | Lair:4   | Found a hole to the Spider Nest.
 21332 | Lair:4   | Found a shattered altar of Ashenzari.
 21590 | Lair:4   | Found a staircase to the Swamp.
 22245 | Lair:5   | Found a dark tunnel.
 22250 | Volcano  | Entered a volcano
 22393 | Volcano  | Offered knowledge of Iskenderun's Battlesphere by Vehumet.
 22566 | Volcano  | Learned a level 5 spell: Iskenderun's Battlesphere
 22576 | Volcano  | Learned a level 1 spell: Magic Dart
 22876 | Lair:5   | HP: 4/112 [oklob plant/splash of acid (16)]
 22876 | Lair:5   | Splashed by an oklob plant's acid

Levels and vault maps discovered:
D:1:      tarquinn_simple_flora_water_d, layout_rooms, minmay_crystal_water
D:2:      layout_loops_ring, grunt_temple_overflow_order_and_chaos_1,
          old_standard_altar
D:3:      layout_basic, chequers_ecumenical_altar_grove, minmay_close_crescents,
          uniq_ijyb
D:4:      layout_basic, minivault_19
D:5:      layout_loops_ring, first_ration, basic_altar
D:6:      layout_rooms, serial_shops, shop, uniq_blork_the_orc, uniq_eustachio,
          uniq_sigmund
D:7:      layout_rooms, dancing_weapons_uskayaw,
          minmay_temple_entry_sparse_star, ebering_ghost_rock_garden, uniq_pikel
D:8:      layout_cave_pools, grunt_gozag_statues, serial_shops,
          nicolae_shop_waterfront, david_nohive_1
D:9:      kennysheep_six_static_rooms, layout_irregular_city,
          nicolae_overflow_crystal_walls, serial_shops, kennysheep_mini_moat,
          kennysheep_another_room, grunt_ministairs_14
D:10:     layout_loops_corners
D:11:     minmay_the_grid_four_pointed_star
          [minmay_the_grid_triangle_9x9_limited_checkers,
          minmay_the_grid_triangle_9x9_zippers_vertical,
          minmay_the_grid_triangle_9x9_negative_grid,
          minmay_the_grid_triangle_9x9_flanged_cone,
          minmay_the_grid_prize_inner_circle], layout_basic, dpeg_lair_monsters,
          basic_altar
D:12:     layout_roguey
Lair:1:   layout_chaotic_city, wad_woods_river_01, grunt_megastairs_2,
          infiniplex_staircase_pool_2, minmay_lair_oklob_chamber
Lair:2:   layout_gridlike
Lair:3:   layout_cave_pods
Lair:4:   layout_loops_ring, palyth_hydra_swamp_entry, spider_nest_entry_webs,
          basic_altar, uniq_sonja
Lair:5:   layout_regular_city, nicolae_volcano_entry_s_turn, dpeg_oklob_1,
          lemuel_fruit_fields, infiniplex_staircase_pool
Orc:1:    layout_caves, mines1_david
Orc:2:    st_orc_rangers, layout_caves, basic_altar, uniq_jorgrun, uniq_donald,
          uniq_azrael

Skill      XL: |  1  2  3  4  5  6  7  8  9 10 11 12 13 |
---------------+----------------------------------------+-----
Unarmed Combat | 1 |  1.0
Maces & Flails | 1 2 |  2.0
Polearms       | 1 2 4 5 6 8 11 12 13 14 15 | 15.9
Fighting       | 4 6 7 9 |  9.6
Spellcasting   | 3 5 6 7 8 |  8.6
Conjurations   | 5 6 7 |  7.1
Dodging        | 3 5 6 7 |  7.8
Ice Magic      | 1 4 |  4.2
Evocations     | 1 |  1.4
Stealth        | |  1.7

Action                   |  1- 3 |  4- 6 |  7- 9 | 10-12 | 13-15 || total
-------------------------+-------+-------+-------+-------+-------++-------
Melee: Whip              |    27 |       |       |       |       ||    27
       Unarmed           |     5 |       |       |       |       ||     5
       Tailslap          |     2 |    15 |    32 |    66 |    18 ||   133
       Spear             |    69 |   144 |   230 |       |       ||   443
       Punch             |       |       |     1 |       |       ||     1
       Scythe            |       |       |    18 |       |       ||    18
       Glaive            |       |       |    53 |   689 |   131 ||   873
Throw: Throwing net      |       |       |     1 |     5 |       ||     6
 Cast: Magic Dart        |    32 |    23 |    37 |     4 |       ||    96
       Dazzling Flash    |     2 |     2 |     8 |     8 |     5 ||    25
       Searing Ray       |       |    12 |    29 |    20 |    19 ||    80
       Mephitic Cloud    |       |       |     3 |    95 |    15 ||   113
       Blink             |       |       |       |    39 |    10 ||    49
       Hailstorm         |       |       |       |     4 |       ||     4
       Olgreb's Toxic Ra |       |       |       |     6 |     7 ||    13
       Freezing Cloud    |       |       |       |       |     1 ||     1
       Iskenderun's Batt |       |       |       |       |     1 ||     1
 Abil: Breathe Frost     |       |       |    19 |    10 |     6 ||    35
Evoke: Wand              |       |       |    40 |    20 |    11 ||    71
       Sack of spiders   |       |       |       |     1 |       ||     1
  Use: Scroll            |     4 |     5 |    12 |    19 |     4 ||    44
       Potion            |     1 |       |     1 |    13 |     6 ||    21
 Stab: Sleeping          |     2 |     2 |     1 |     3 |       ||     8
       Invisible         |     1 |     1 |     3 |     9 |     2 ||    16
       Paralysed         |       |       |    23 |       |       ||    23
       Confused          |       |       |     3 |    39 |     5 ||    47
       Held in net/web   |       |       |       |     4 |       ||     4
  Eat: Chunk             |     2 |     4 |    13 |    12 |     2 ||    33
       Ration            |     1 |     1 |     5 |     9 |     4 ||    20
Armor: Skin              |    28 |    46 |   153 |   195 |    65 ||   487
Dodge: Dodged            |    81 |    78 |   197 |   444 |   169 ||   969

Table legend:
 A = Non-vault XP
 B = Vault XP
 C = Vault XP percentage of total XP
 D = Non-vault monster count
 E = Vault monster count
 F = Vault count percentage of total count
                 A         B        C        D         E       F
            +---------+---------+-------+---------+---------+-------
      Total |   36222 |   17483 |  32.6 |     341 |      82 |  19.4
            +---------+---------+-------+---------+---------+-------
        D:1 |      39 |       0 |   0.0 |      15 |       0 |   0.0
        D:2 |     178 |       0 |   0.0 |      17 |       0 |   0.0
        D:3 |      56 |      50 |  47.2 |      13 |       6 |  31.6
        D:4 |     359 |       0 |   0.0 |      12 |       0 |   0.0
        D:5 |     666 |       0 |   0.0 |      20 |       0 |   0.0
        D:6 |    1108 |     514 |  31.7 |      16 |       3 |  15.8
        D:7 |     842 |     617 |  42.3 |      24 |       1 |   4.0
        D:8 |     728 |     949 |  56.6 |      14 |      14 |  50.0
        D:9 |     303 |     747 |  71.1 |       5 |       6 |  54.5
       D:10 |    3524 |       0 |   0.0 |      36 |       0 |   0.0
       D:11 |    4576 |    5595 |  55.0 |      42 |      25 |  37.3
       D:12 |    3073 |       0 |   0.0 |      30 |       0 |   0.0
     Lair:1 |    3686 |    1646 |  30.9 |      17 |       5 |  22.7
     Lair:2 |    4834 |       0 |   0.0 |      25 |       0 |   0.0
     Lair:3 |    2966 |       0 |   0.0 |      18 |       0 |   0.0
     Lair:4 |    5223 |    4316 |  45.2 |      24 |      11 |  31.4
     Lair:5 |    3715 |       0 |   0.0 |      10 |       0 |   0.0
      Orc:1 |     343 |     196 |  36.4 |       2 |       1 |  33.3
      Orc:2 |       3 |       0 |   0.0 |       1 |       0 |   0.0
    Volcano |       0 |    2853 | 100.0 |       0 |      10 | 100.0
            +---------+---------+-------+---------+---------+-------
